[Event "*** Titled Tuesday Blitz"]
[Site "Chess.com"]
[Date "2018.06.05"]
[Round "3"]
[White "Amirreza_p"]
[Black "FMJoseHerrera"]
[Result "1-0"]
[WhiteElo "2694"]
[BlackElo "2450"]
[TimeControl "180+2"]
[EndTime "13:40:54 PDT"]
[Termination "Amirreza_p won on time"]

1. e4 c5 2. c3 Qa5 3. Nf3 e6 4.
Bd3 a6 5. O-O b5 6. Bc2 Bb7 7.
d4 cxd4 8. cxd4 Nf6 9. e5 Nd5 10. Nbd2 Be7 11. Ne4 Nc6 12. Nfg5 h6 13. Qh5 g6 14.
Nd6+ Bxd6 15. Bxg6 hxg5 16. Qxh8+ Bf8 17. Bh5 O-O-O 18. Bxg5 Be7 19. Qg7 Bxg5 20. Qxg5 Nxd4 21. Rac1+ Kb8 22. Rfd1 Nc6 23. Bxf7 Qxa2 24. Rxc6 Rf8 25. Rc2 Qa4 26. Rcd2 Ka7 27. Qg7 Rc8 28. Bh5 Qf4 29. Bf3 Rc7 30. Rd4 Qf5 31. h4 Nf4 32. Rxd7 Nh3+ 33.
Kh2 Qf4+ 34. Qg3 Qxg3+ 35. Kxg3 1-0

[Event "*** Titled Tuesday Blitz"]
[Site "Chess.com"]
[Date "2018.06.05"]
[Round "3"]
[White "JozefKneht"]
[Black "Mr_Penings"]
[Result "0-1"]
[WhiteElo "2291"]
[BlackElo "2413"]
[TimeControl "180+2"]
[EndTime "13:40:54 PDT"]
[Termination "Mr_Penings won by resignation"]

1. d4 Nf6 2. Bf4 g6 3. e3 d6 4. c3 Nbd7 5. Nf3 Bg7 6. Nbd2 O-O 7. Be2 b6 8. O-O Bb7 9. a4 a5 10. Qc2 Qe8 11. b4 e5 12. dxe5 dxe5 13. Bg5 e4 14.
Nd4 c5 15. Nb5 Qe7 16. bxa5 bxa5 17. Nc7 Rac8 18. Nb5 Ne5 19. c4 Nc6 20. Rad1 Nb4 21. Bxf6 Bxf6 22. Qc1 Be5 23. Nb3 Qh4 24. h3 Nd3 25.
Bxd3 exd3 26. Rxd3 Qe4 27. f3 Qxd3 28. Nxa5 Ba8 29. Rd1 Qf5 30. Rd5 Bxd5 31. cxd5 c4 0-1

[Event "*** Titled Tuesday Blitz"]
[Site "Chess.com"]
[Date "2018.06.05"]
[Round "3"]
[White "julinha97"]
[Black "Albertu"]
[Result "0-1"]
[WhiteElo "2204"]
[BlackElo "2323"]
[TimeControl "180+2"]
[EndTime "13:40:56 PDT"]
[Termination "Albertu won by resignation"]

1. e4 c5 2. Nf3 d6 3. d4 cxd4 4. Nxd4 Nf6 5. Nc3 a6 6. Be3 Nbd7 7.
f3 e6 8. g4 h6 9. Qd2 b5 10.
O-O-O b4 11. Nce2 Qc7 12. h4 d5 13. exd5 Nxd5 14. Bf2 Bb7 15. Kb1 Rc8 16. Bg3 Qb6 17. Nf4 Nc3+ 18. Ka1 Nxd1 19. Qxd1 e5 20. Nf5 exf4 21.
Bxf4 g6 22. Nd6+ Bxd6 23. Bxd6 Rc6 24. Bf4 Nc5 25. Bc4 O-O 26. Bxh6 Rd8 27. Qe2 Ne6 28. h5 Qd4 29. Bd3 g5 30. Rd1 Qf6 31. Be4 Rxd1+ 32.
Qxd1 Qxh6 33. Bxc6 Bxc6 34. Qd3 Qf6 35. Qxa6 Bxf3 36.
a3 bxa3 37. Qxa3 Bxg4 38. Qa8+ Kg7 0-1

[Event "*** Titled Tuesday Blitz"]
[Site "Chess.com"]
[Date "2018.06.05"]
[Round "3"]
[White "Sameer555"]
[Black "Shivagami"]
[Result "1-0"]
[WhiteElo "2173"]
[BlackElo "2055"]
[TimeControl "180+2"]
[EndTime "13:40:56 PDT"]
[Termination "Sameer555 won by resignation"]

1. e4 e5 2. Nf3 Nc6 3. d4 exd4 4.
Nxd4 Nf6 5. Nc3 Bb4 6. Nxc6 bxc6 7. Bd3 d5 8. exd5 cxd5 9. O-O O-O 10. Bg5 c6 11.
Qf3 h6 12. Bf4 Re8 13. h3 Qe7 14. Rad1 Bd7 15. Ne2 Bd6 16. Nd4 Bxf4 17. Qxf4 Rab8 18. b3 a5 19. Rfe1 Qxe1+ 20. Rxe1 Rxe1+ 21. Kh2 Rbe8 22. Qc7 Ra1 23. Qxa5 Ree1 24. Qd8+ Re8 25. Qa5 Ree1 26. a4 g6 27. Qc7 Nh5 28. g4 Rh1+ 29.
Kg2 Rag1+ 30. Kf3 Rxh3+ 31. Ke2 Bxg4+ 32. Kd2 Rd1+ 33. Kc3 Nf6 34. a5 c5 35. a6 cxd4+ 36. Kb4 Ra1 37. Qb8+ Kg7 38. a7 Nd7 39. a8=Q Nxb8 40. Qxa1 Nc6+ 41. Kc5 Ne7 42. Qxd4+ f6 43. Qxg4 1-0

[Event "*** Titled Tuesday Blitz"]
[Site "Chess.com"]
[Date "2018.06.05"]
[Round "3"]
[White "LuisFSiles"]
[Black "fidetrainerNET"]
[Result "1-0"]
[WhiteElo "2140"]
[BlackElo "2114"]
[TimeControl "180+2"]
[EndTime "13:40:57 PDT"]
[Termination "LuisFSiles won by resignation"]

1. e4 c5 2. Nf3 d6 3. d4 cxd4 4.
Nxd4 Nf6 5. Nc3 a6 6. Be3 Ng4 7. Bg5 h6 8. Bh4 Nc6 9. h3 Nge5 10. f4 Nxd4 11. Qxd4 Ng6 12. Bg3 Qc7 13. O-O-O e5 14.
fxe5 dxe5 15. Qa4+ Bd7 16. Rxd7 Qxd7 17. Bb5 axb5 18. Qxa8+ Ke7 19. Rd1 Qc6 20. Rd5 Ke6 21. Qa7 Bb4 22. Rxb5 Bxc3 23. Rb6 Bd4 24. Rxc6+ bxc6 25.
Qa4 Ne7 26. Qc4+ Kd6 27. c3 Be3+ 28. Kc2 Bf4 29. Bxf4 exf4 30. Qxf7 Ra8 31. Qxf4+ Ke6 32. a3 Ra5 33. Qg4+ Kf7 34. Qd7 Re5 35. Qd4 Ke6 36. a4 c5 37. Qc4+ Kd6 38. a5 Nc6 39.
a6 Re7 40. Qd5+ Kc7 41. Qxc5 Re8 42. b4 Ra8 43. b5 1-0

[Event "*** Titled Tuesday Blitz"]
[Site "Chess.com"]
[Date "2018.06.05"]
[Round "3"]
[White "cool64chess"]
[Black "Chiinaldo"]
[Result "1/2-1/2"]
[WhiteElo "2250"]
[BlackElo "2201"]
[TimeControl "180+2"]
[EndTime "13:40:59 PDT"]
[Termination "Game drawn by repetition"]

1. d4 d5 2. c4 c6 3. Nc3 Nf6 4. Nf3 e6 5. Bg5 Nbd7 6. e3 Qa5 7. cxd5 Nxd5 8. Qb3 N7f6 9. Bd3 Nxc3 10. bxc3 Nd5 11. Rc1 h6 12. Bh4 Be7 13. Bg3 O-O 14. O-O c5 15. e4 Nf6 16. e5 Nd7 17. Nd2 Qb6 18.
Nc4 Qxb3 19. axb3 b6 20. Be4 Rb8 21. Bc6 Rd8 22. Ra1 Bb7 23. Bxd7 Rxd7 24. Rxa7 Bc6 25. Rfa1 cxd4 26. Rxd7 Bxd7 27. cxd4 b5 28. Nd2 Bc6 29. Ra6 Bd5 30. Kf1 Bb4 31. Bf4 Rc8 32. Rb6 Bxd2 33. Bxd2 Bxb3 34. Ke1 Bc4 35. Bb4 Ra8 36.
Bc5 Ra1+ 37. Kd2 Ra2+ 38. Ke3 Re2+ 39. Kf3 Rd2 40. Ke3 Re2+ 41. Kf3 Rd2 42. Ke3 Re2+ 43.
Kf3 1/2-1/2

[Event "*** Titled Tuesday Blitz"]
[Site "Chess.com"]
[Date "2018.06.05"]
[Round "3"]
[White "GMMatamoros"]
[Black "therealtrader"]
[Result "1-0"]
[WhiteElo "2520"]
[BlackElo "2602"]
[TimeControl "180+2"]
[EndTime "13:40:59 PDT"]
[Termination "GMMatamoros won by resignation"]

1. Nf3 Nf6 2. c4 b6 3. g3 Bb7 4. Bg2 e6 5. O-O Be7 6. Nc3 O-O 7. Re1 d5 8. cxd5 exd5 9. d4 Nbd7 10. Bf4 c5 11. Rc1 Ne4 12. dxc5 Ndxc5 13. Nd4 Re8 14. Ndb5 Rf8 15. Nxe4 dxe4 16. Bd6 a6 17. Bxe7 Qxe7 18. Qd6 Qxd6 19. Nxd6 Bd5 20. b4 Ne6 21. Bxe4 Bxe4 22. Nxe4 a5 23. b5 a4 24. Red1 Ra5 25. Rd5 h6 26. h4 f5 27. Nd6 Rd8 28. Rcd1 f4 29. Nc4 Rxd5 30. Rxd5 Ra7 31. Nxb6 fxg3 32. fxg3 Nc7 33.
Rd8+ Kh7 34. Rd7 Nxb5 35. Rxa7 Nxa7 36. Nxa4 Nb5 37. Kf2 Kg6 38. Nc5 Kf5 39. a4 Nd4 40.
e3 Nc6 41. Nd3 Ke4 42. Ke2 g5 43. Nf2+ Kd5 44. Ng4 gxh4 45. gxh4 h5 46. Nf6+ Kc4 47. Nxh5 Kb4 48. Nf4 Kxa4 49. h5 Ne5 50. h6 Kb5 51. h7 Nf7 52. Ng6 Kc6 53. h8=Q Nxh8 54. Nxh8 1-0

[Event "*** Titled Tuesday Blitz"]
[Site "Chess.com"]
[Date "2018.06.05"]
[Round "3"]
[White "tango_argentino"]
[Black "asms9699"]
[Result "1-0"]
[WhiteElo "2463"]
[BlackElo "2445"]
[TimeControl "180+2"]
[EndTime "13:41:00 PDT"]
[Termination "tango_argentino won by resignation"]

1. e4 e6 2. d4 d5 3. Nc3 Nf6 4.
e5 Nfd7 5. f4 c5 6. Nf3 Nc6 7.
Be3 a6 8. g3 b5 9. Bg2 Qb6 10.
Ne2 c4 11. O-O g6 12. g4 h5 13. h3 hxg4 14. hxg4 Be7 15. Qd2 Bb7 16. f5 gxf5 17.
gxf5 exf5 18. Ng3 O-O-O 19. Nxf5 Rdg8 20. Kf2 Kb8 21. Rh1 Rxh1 22. Rxh1 Nf8 23. Rh6 Qd8 24. Bh3 Ne6 25. Rh7 Rh8 26. Rxh8 Qxh8 27. Bg2 Bc8 28. b3 Qh7 29. Nxe7 Nxe7 30. bxc4 dxc4 31. d5 Nf8 32.
Qd4 Bb7 33. Qa7+ Kc8 34. Qc5+ Kd8 35. Bg5 Ng6 36. d6 Bxf3 37. Qc7+ Ke8 38. d7+ Kf8 39.
d8=Q+ Kg7 40. Bf6+ Kh6 41. Bxf3 Nf5 42. Qd2+ 1-0

[Event "*** Titled Tuesday Blitz"]
[Site "Chess.com"]
[Date "2018.06.05"]
[Round "3"]
[White "VNeimer"]
[Black "Durarbayli"]
[Result "0-1"]
[WhiteElo "2444"]
[BlackElo "2661"]
[TimeControl "180+2"]
[EndTime "13:41:00 PDT"]
[Termination "Durarbayli won by resignation"]

1. d4 Nf6 2. Nf3 c5 3. d5 e6 4.
Nc3 exd5 5. Nxd5 Nxd5 6. Qxd5 Nc6 7. e4 d6 8. Ng5 Qf6 9. Bc4 Ne5 10. Bb5+ Ke7 11. f4 Nd7 12. Bxd7 Bxd7 13. Qxb7 Rd8 14. O-O Qd4+ 15. Kh1 f6 16. Nf3 Qa4 17. e5 Kf7 18. Re1 Re8 19. Be3 Qc6 20. Qxa7 Be7 21. Rad1 Ra8 22.
Qxa8 Rxa8 23. exd6 Bf8 24. a3 Rb8 25. b3 Re8 26. a4 Bxd6 27. Bc1 Bf8 28. Nd2 Bg4 29. Rxe8 Qxe8 30. Rg1 Qe2 31. a5 Bf5 32. Nc4 Bxc2 33. a6 Be4 34. a7 Qa2 35. Ba3 h5 0-1

[Event "*** Titled Tuesday Blitz"]
[Site "Chess.com"]
[Date "2018.06.05"]
[Round "3"]
[White "VeraNebolsina"]
[Black "UNDERTAKER2001"]
[Result "1-0"]
[WhiteElo "2353"]
[BlackElo "2353"]
[TimeControl "180+2"]
[EndTime "13:41:04 PDT"]
[Termination "VeraNebolsina won by checkmate"]

1. e4 e6 2. d4 d5 3. exd5 exd5 4.
Nf3 Nf6 5. c4 Bg4 6. Be2 dxc4 7.
O-O Nbd7 8. Bxc4 Be7 9. Qb3 Bxf3 10. Qxf3 c6 11. Nc3 O-O 12. Bb3 Nb6 13. Re1 h6 14. Bf4 Bd6 15. Be5 Bxe5 16. dxe5 Nfd5 17. Rad1 Qd7 18.
Nxd5 cxd5 19. Bxd5 Nxd5 20. Rxd5 Qa4 21. a3 Rac8 22.
h3 Rc2 23. b4 b6 24. Red1 Qc6 25. Qf5 Rc3 26. Rd6 Qc8 27. Rd7 Rxa3 28. e6 fxe6 29.
Qg6 Qc3 30. R1d4 Qe1+ 31. Kh2 Qe5+ 32. f4 Qf6 33. Qg4 e5 34. Re4 exf4 35. Ree7 Rg3 36. Rxg7+ Kh8 37. Rh7# 1-0

[Event "*** Titled Tuesday Blitz"]
[Site "Chess.com"]
[Date "2018.06.05"]
[Round "3"]
[White "Fianchettoed-Tower"]
[Black "Haykos"]
[Result "0-1"]
[WhiteElo "2313"]
[BlackElo "2524"]
[TimeControl "180+2"]
[EndTime "13:41:06 PDT"]
[Termination "Haykos won by resignation"]

1. e4 e5 2. Nf3 Nc6 3. Bc4 Nf6 4. d3 h6 5. O-O g6 6. c3 Bg7 7. Re1 O-O 8. d4 exd4 9. cxd4 d5 10. exd5 Nxd5 11. Ne5 Nb6 12. Nxc6 bxc6 13. Bb3 Qxd4 14. Qc2 Bf5 15. Qxc6 a5 16. Nc3 a4 17. Be3 Qd7 18.
Qxd7 Bxd7 19. Bd5 Nxd5 20. Nxd5 Bxb2 21. Rad1 Rfd8 22. Bxh6 Kh7 23. Bg5 Re8 24. Nxc7 Rxe1+ 25. Rxe1 Rc8 26. Nd5 Be6 27. Nb4 Bc3 28. Rb1 a3 29.
h4 Rb8 30. Be7 Bxa2 31. Nxa2 Rxb1+ 32. Kh2 Be5+ 33. g3 Rb2 34. Bxa3 Rxa2 35. Bc5 Rd2 36. Kh3 Bd4 37. Bxd4 Rxd4 38. f4 f5 0-1

[Event "*** Titled Tuesday Blitz"]
[Site "Chess.com"]
[Date "2018.06.05"]
[Round "3"]
[White "MishkaFighter"]
[Black "Xeniya2005"]
[Result "1-0"]
[WhiteElo "2098"]
[BlackElo "1899"]
[TimeControl "180+2"]
[EndTime "13:41:07 PDT"]
[Termination "MishkaFighter won by checkmate"]

1. d4 Nf6 2. Bg5 d5 3. e3 Ne4 4.
Bf4 g5 5. Be5 Rg8 6. Bd3 Bg7 7.
Bxg7 Rxg7 8. c4 c6 9. Nc3 Nxc3 10.
bxc3 dxc4 11. Bxc4 Nd7 12. Nf3 Nb6 13. Bd3 Bg4 14.
Rb1 Qc7 15. h3 Bxf3 16. Qxf3 O-O-O 17. O-O e6 18. Qf6 Rdg8 19. a4 Nd5 20. Qh6 g4 21. h4 f6 22. c4 Nc3 23. Ra1 g3 24. f3 Qe7 25. Rfc1 Qb4 26. Qxf6 Nxa4 27. Qxe6+ Kb8 28. Rcb1 Qc3 29. Be4 Nb6 30. c5 Qxe3+ 31. Kh1 Nc8 32. Qxc6 b6 33. cxb6 Nxb6 34. Rxb6+ axb6 35. Qxb6+ Kc8 36. Ra8+ Kd7 37. Ra7+ Ke8 38. Qb8# 1-0

[Event "*** Titled Tuesday Blitz"]
[Site "Chess.com"]
[Date "2018.06.05"]
[Round "3"]
[White "nurmiTV"]
[Black "maciek_92"]
[Result "0-1"]
[WhiteElo "2493"]
[BlackElo "2626"]
[TimeControl "180+2"]
[EndTime "13:41:08 PDT"]
[Termination "maciek_92 won by resignation"]

1. c4 Nf6 2. Nc3 e6 3. e4 c5 4. Nf3 Nc6 5. Be2 Be7 6. O-O O-O 7. d4 cxd4 8. Nxd4 a6 9. Be3 d6 10. Rc1 Bd7 11. f4 Nxd4 12. Bxd4 Bc6 13. Bf3 Qa5 14. Qd2 Rfd8 15. Rfd1 Bf8 16. Bxf6 gxf6 17. Nd5 Qc5+ 18. Ne3 a5 19. Kh1 Bg7 20. b3 Qb4 21. Qf2 a4 22. Nc2 Qc5 23. Qxc5 dxc5 24. b4 b6 25. Kg1 Bh6 26.
g3 f5 27. Re1 e5 28. Kf2 exf4 29. gxf4 Bxf4 30. Rcd1 Rxd1 31. Rxd1 fxe4 32. Bg4 Kf8 33. h4 Ke7 34. Bf5 Kf6 35. Bd7 Rd8 36. Bg4 Rxd1 37. Bxd1 Ke5 38. Bh5 f5 39. b5 Bd7 40. Bf7 Be6 41.
Bxe6 0-1

[Event "*** Titled Tuesday Blitz"]
[Site "Chess.com"]
[Date "2018.06.05"]
[Round "3"]
[White "kleinebeer98"]
[Black "GGX0X0"]
[Result "1-0"]
[WhiteElo "2471"]
[BlackElo "2328"]
[TimeControl "180+2"]
[EndTime "13:41:09 PDT"]
[Termination "kleinebeer98 won by checkmate"]

1. e4 c6 2. d4 d5 3. f3 e6 4. Nc3 Bb4 5. Bd3 dxe4 6. fxe4 Qxd4 7.
Nf3 Qd8 8. O-O Nd7 9. Kh1 h6 10.
e5 Ne7 11. Qe1 Nd5 12. Qg3 g5 13. Ne4 Be7 14. a3 Nc5 15. Nxc5 Bxc5 16. b4 Be7 17. Bd2 Qb6 18. Rae1 Bd7 19. c4 Nf4 20. Bxf4 gxf4 21. Qxf4 Rf8 22. c5 Qc7 23. Nd2 Bg5 24. Qf2 Bxd2 25. Qxd2 O-O-O 26. Bc4 Kb8 27. Qxh6 Bc8 28.
Rd1 Rh8 29. Qf4 Rdf8 30. Qf6 Rh5 31. Rd6 Rfh8 32. h3 R8h7 33. Bd3 R7h6 34. Qxf7 Rxe5 35.
Qxc7+ Kxc7 36. Rf7+ Kb8 37. Rf8 Rd5 38. Bc4 Rg5 39.
Rdd8 a6 40. Rxc8+ Ka7 41. Ra8# 1-0

[Event "*** Titled Tuesday Blitz"]
[Site "Chess.com"]
[Date "2018.06.05"]
[Round "3"]
[White "Eliwood44"]
[Black "CookiesAndIceCream"]
[Result "1-0"]
[WhiteElo "2176"]
[BlackElo "2035"]
[TimeControl "180+2"]
[EndTime "13:41:10 PDT"]
[Termination "Eliwood44 won by resignation"]

1. d4 Nf6 2. Nf3 d5 3. c4 c6 4. Qc2 dxc4 5. e4 b5 6. b3 cxb3 7. axb3 e6 8. Bd2 Be7 9. Ba5 Qd7 10. Bd3 O-O 11. e5 Nd5 12. Bxh7+ Kh8 13. O-O g6 14.
Bxg6 fxg6 15. Qxg6 Qe8 16. Qh6+ Kg8 17. Ng5 Bxg5 18.
Qxg5+ Kh7 19. Qh4+ Kg7 20. f4 Rh8 21. Qf2 Qh5 22.
h3 Nd7 23. Nd2 Nf8 24. Ne4 Ng6 25. Bd2 Qh4 26. Qf3 Rf8 27. Rac1 Ndxf4 28. Rxc6 Nd5 29. Nf6 Bb7 30. Rxe6 Qxd4+ 31. Rf2 Nxf6 32. exf6+ Kf7 33. Re7+ Nxe7 34. Qxb7 Ke6 35. Qxe7+ Kd5 36. Be3 Qa1+ 37. Rf1 Qe5 38. Qb7+ Ke6 39. Qe7+ Kd5 40. Rd1+ Ke4 41. Qb7+ Kf5 42. Rf1+ Ke6 43. Qc6+ Kf7 44. Qd7+ 1-0

[Event "*** Titled Tuesday Blitz"]
[Site "Chess.com"]
[Date "2018.06.05"]
[Round "3"]
[White "littleplotkin"]
[Black "GoingKronos"]
[Result "1-0"]
[WhiteElo "2386"]
[BlackElo "2328"]
[TimeControl "180+2"]
[EndTime "13:41:11 PDT"]
[Termination "littleplotkin won on time"]

1. e4 e6 2. d4 d5 3. Nd2 c5 4. exd5 exd5 5. Ngf3 a6 6. dxc5 Bxc5 7. Nb3 Bb6 8. Nbd4 Nf6 9. Bd3 O-O 10. O-O Bg4 11.
c3 Nc6 12. Be3 Re8 13. h3 Bh5 14. Re1 Bc7 15. g4 Bg6 16. Nf5 Ne4 17. N5d4 Qd6 18. Qc2 Rad8 19. Kg2 Ne5 20. Nxe5 Qxe5 21. Nf3 Qf6 22.
c4 d4 23. Bd2 Nc5 24. Bxg6 hxg6 25. Bg5 Qd6 26. Bxd8 Rxd8 27. Qd2 Ne6 28. Re4 Qc6 29. Rae1 Bb6 30. Ne5 Qc7 31. Nxg6 Nc5 32. Re8+ Rxe8 33.
Rxe8+ Kh7 34. Ne5 Ne6 35. Qd3+ g6 36. Nxg6 fxg6 37. Rxe6 Qf7 38. Qe4 Bc7 39. h4 Qf4 40.
Qxg6+ 1-0

[Event "*** Titled Tuesday Blitz"]
[Site "Chess.com"]
[Date "2018.06.05"]
[Round "3"]
[White "hansen"]
[Black "Ehsan_GhaemMaghami"]
[Result "0-1"]
[WhiteElo "2776"]
[BlackElo "2575"]
[TimeControl "180+2"]
[EndTime "13:41:14 PDT"]
[Termination "Ehsan_GhaemMaghami won on time"]

1. e4 c6 2. d4 d5 3. e5 Bf5 4. Nf3 e6 5. Be2 Ne7 6. Nbd2 h6 7.
Nb3 Nd7 8. O-O Rc8 9. Be3 Bh7 10. Rc1 Nf5 11. Bd3 a6 12. c3 c5 13. Bb1 Be7 14. Bf4 g5 15. Be3 Qb6 16. Bxf5 Bxf5 17. dxc5 Nxc5 18.
Nxc5 Bxc5 19. Bxc5 Rxc5 20. Qd2 Qb5 21. Rfd1 Qc4 22.
Nd4 Qxa2 23. Qe3 Rc7 24. Rd2 Qc4 25. Re1 Bg6 26. h4 Qc5 27. Qh3 Qe7 28. hxg5 Qxg5 29. Re3 h5 30. Rde2 h4 31. Qh2 Rg8 32. Rh3 Qc1+ 0-1

[Event "*** Titled Tuesday Blitz"]
[Site "Chess.com"]
[Date "2018.06.05"]
[Round "3"]
[White "TST2014"]
[Black "chessdude"]
[Result "0-1"]
[WhiteElo "2470"]
[BlackElo "2454"]
[TimeControl "180+2"]
[EndTime "13:41:16 PDT"]
[Termination "chessdude won by resignation"]

1. d4 d5 2. c4 e6 3. Nf3 Nf6 4. Nc3 Bb4 5. e3 O-O 6. Bd2 b6 7. Rc1 Bb7 8. cxd5 exd5 9. Bd3 Be7 10. O-O c5 11. Ne5 Nc6 12. f4 cxd4 13. Nxc6 Bxc6 14. exd4 Ne4 15. Be3 Bb7 16. Bxe4 dxe4 17. d5 Qd7 18. Qd2 Rfd8 19. Rfd1 Bb4 20. Qf2 Qf5 21. Nb5 Rxd5 22. Rxd5 Bxd5 23. a3 Bf8 24. Nc7 Rc8 25. Nxd5 Rxc1+ 26. Bxc1 Qxd5 27. Be3 Qd1+ 28. Qf1 Qxf1+ 29. Kxf1 f5 30. Ke2 Kf7 31. b4 Ke6 32. Bd4 Kd5 33. Ke3 Kc4 34. g4 g6 35. gxf5 gxf5 36.
Be5 b5 37. Bb8 a6 38. Ba7 Bg7 39. h4 h5 40. Bb6 Bb2 41. Bc5 Bxa3 42. Bd6 Bxb4 43.
Bxb4 Kxb4 44. Kd4 a5 45. Ke5 e3 46. Kxf5 e2 47. Kg6 e1=Q 48. f5 Qxh4 49. f6 Qxf6+ 50. Kxf6 h4 0-1

[Event "*** Titled Tuesday Blitz"]
[Site "Chess.com"]
[Date "2018.06.05"]
[Round "3"]
[White "AsaHoffmann"]
[Black "awesomevishesh"]
[Result "0-1"]
[WhiteElo "2104"]
[BlackElo "2106"]
[TimeControl "180+2"]
[EndTime "13:41:16 PDT"]
[Termination "awesomevishesh won by resignation"]

1. d4 Nf6 2. Bg5 g6 3. Nc3 d5 4. f3 Bg7 5. e4 dxe4 6. fxe4 O-O 7. Nf3 c5 8. dxc5 Qa5 9. Bd3 Nc6 10. Qd2 Qxc5 11. a3 Bg4 12. Be3 Qa5 13. O-O Rad8 14. Rae1 Bxf3 15. gxf3 Ne5 16. Qf2 Nxd3 17. cxd3 Rxd3 18.
Bxa7 Qh5 19. Kh1 Rfd8 20. Be3 Bh6 21. e5 Bxe3 22. Rxe3 Rd2 23. Re2 Rxe2 24. Qxe2 Qh6 25. Rd1 Rxd1+ 26. Qxd1 Nh5 27. Qe1 Nf4 28. Ne4 Qh3 29.
Qf2 Nd3 30. Qg2 Qxg2+ 31. Kxg2 Nxb2 32. e6 Nc4 33. exf7+ Kxf7 34. a4 h6 35. f4 Nb2 36.
Nc5 b6 37. Nd7 Nxa4 38. Kf3 b5 39. h4 b4 40. Ke4 b3 41. Ne5+ Kf6 42. Nd3 b2 43. Nxb2 Nxb2 0-1

[Event "*** Titled Tuesday Blitz"]
[Site "Chess.com"]
[Date "2018.06.05"]
[Round "3"]
[White "Vamostodorecto"]
[Black "rubhani"]
[Result "0-1"]
[WhiteElo "2350"]
[BlackElo "2422"]
[TimeControl "180+2"]
[EndTime "13:41:17 PDT"]
[Termination "rubhani won on time"]

1. d4 Nf6 2. c4 e6 3. Nc3 Bb4 4. a3 Bxc3+ 5. bxc3 O-O 6. e3 c5 7. Bd3 d5 8. cxd5 Nxd5 9. Ne2 Nc6 10. e4 Nde7 11. e5 cxd4 12. cxd4 Nd5 13. O-O Bd7 14.
Nf4 Nxf4 15. Bxf4 Ne7 16. Bg5 Bc6 17. Qh5 h6 18. Qh4 Re8 19. Bf6 gxf6 20. exf6 Ng6 21. Bxg6 fxg6 22. Rfe1 Qd5 23. f3 Qg5 24. Qh3 Qxf6 25.
Qxh6 Rad8 26. Re5 Qg7 27. Qf4 Rd5 28. Rae1 Rxe5 29. Rxe5 Rd8 30. h4 Rd5 31. Rxe6 Qxd4+ 32. Qxd4 Rxd4 33. Rxg6+ Kf7 34. h5 Rd5 35. g4 Rd3 36.
f4 Rxa3 37. f5 a5 38. h6 a4 39. g5 Rh3 40. Rg7+ Kf8 41. f6 a3 0-1

[Event "*** Titled Tuesday Blitz"]
[Site "Chess.com"]
[Date "2018.06.05"]
[Round "3"]
[White "51616516516"]
[Black "TBergh98"]
[Result "1-0"]
[WhiteElo "2286"]
[BlackElo "2200"]
[TimeControl "180+2"]
[EndTime "13:41:18 PDT"]
[Termination "51616516516 won by resignation"]

1. d4 Nf6 2. c4 g6 3. Nf3 Bg7 4.
g3 O-O 5. Bg2 d5 6. cxd5 Nxd5 7.
O-O Nb6 8. Nc3 Nc6 9. d5 Na5 10. Qc2 e6 11. dxe6 Bxe6 12. Rd1 Qc8 13. Bf4 Rd8 14. b3 Bf5 15. e4 Be6 16. Rxd8+ Qxd8 17. Rd1 Qe7 18. Nb5 c6 19. Bd6 Qf6 20. Be5 Qe7 21.
Bd6 Qf6 22. Nc7 Rd8 23. Be5 Qe7 24. Rxd8+ Qxd8 25. Nxe6 fxe6 26. Bxg7 Kxg7 27. Qc3+ Kf7 28. Qxa5 Qd1+ 29. Qe1 Qc2 30. h4 Qxa2 31. Nd2 Nd7 32. Qe3 Qa1+ 33. Kh2 Ne5 34. Bh3 Ke7 35. f4 Nf7 36. Qc5+ Kd7 37. Nc4 b6 38. Ne5+ Nxe5 39. Qxe5 Qa2+ 40. Bg2 Qxb3 41. Qg7+ Kd6 42. Qxa7 Qc2 43.
Qxb6 e5 44. Qb8+ Kc5 1-0

[Event "*** Titled Tuesday Blitz"]
[Site "Chess.com"]
[Date "2018.06.05"]
[Round "3"]
[White "michaelk123"]
[Black "Fandorine"]
[Result "0-1"]
[WhiteElo "2435"]
[BlackElo "2712"]
[TimeControl "180+2"]
[EndTime "13:41:19 PDT"]
[Termination "Fandorine won by checkmate"]

1. e4 c5 2. Nf3 e6 3. d4 cxd4 4.
Nxd4 Nc6 5. Nc3 Qc7 6. Be2 a6 7. O-O Nf6 8. Be3 Be7 9. f4 d6 10. Kh1 O-O 11. Qe1 Nxd4 12. Bxd4 b5 13. a3 Bb7 14. Qg3 Rac8 15. Rae1 Bc6 16. Bd3 e5 17. fxe5 Nh5 18. Qh3 dxe5 19. Nd5 Bxd5 20. exd5 exd4 21.
Qxh5 g6 22. Qh6 Bd6 23. Re4 Qa7 24. Rh4 f5 25. Bxf5 Rce8 26. g4 Qb7 27. Kg1 d3 28.
cxd3 Bc5+ 29. Kg2 gxf5 30. gxf5 Qxd5+ 31. Rf3 Rf7 32. f6 Kh8 33. Rg4 Re2+ 34. Kg3 Bd6+ 35.
Kh4 Rxh2+ 36. Rh3 Rxh3+ 37. Kxh3 Qh1# 0-1

[Event "*** Titled Tuesday Blitz"]
[Site "Chess.com"]
[Date "2018.06.05"]
[Round "3"]
[White "Fins0905"]
[Black "Angry_Serb"]
[Result "1-0"]
[WhiteElo "2600"]
[BlackElo "2497"]
[TimeControl "180+2"]
[EndTime "13:41:19 PDT"]
[Termination "Fins0905 won on time"]

1. d4 d5 2. c4 e6 3. Nc3 c5 4. cxd5 exd5 5. Nf3 Nc6 6. g3 Nf6 7. Bg2 Be7 8. O-O O-O 9. dxc5 d4 10. Na4 Bf5 11. Bd2 Ne4 12. b4 Bf6 13. Rc1 d3 14. a3 Re8 15. Be3 dxe2 16. Qxe2 Ng5 17. Rcd1 Qe7 18.
Qa2 Bg4 19. Bxg5 Bxg5 20. Rde1 Be6 21. Qb1 Bf6 22. Bh3 Qd7 23. Bxe6 Rxe6 24. Rxe6 Qxe6 25. b5 Na5 26. Qb4 b6 27. c6 Be7 28. Qc3 Qd5 29. Rb1 Nc4 30. Qd4 Qf5 31. Re1 Nxa3 32. Rxe7 Qxf3 33. Re3 Nxb5 34. Qd7 1-0

[Event "*** Titled Tuesday Blitz"]
[Site "Chess.com"]
[Date "2018.06.05"]
[Round "3"]
[White "MartinZumsande"]
[Black "GrigorGrigorov"]
[Result "0-1"]
[WhiteElo "2514"]
[BlackElo "2682"]
[TimeControl "180+2"]
[EndTime "13:41:20 PDT"]
[Termination "GrigorGrigorov won by checkmate"]

1. e4 e6 2. d4 d5 3. Nc3 Bb4 4. e5 b6 5. a3 Bf8 6. Bb5+ Bd7 7. Bd3 c5 8. Nf3 Nc6 9. dxc5 bxc5 10. O-O Nge7 11. Re1 Ng6 12. Bg5 Be7 13. Bxe7 Qxe7 14. Nb5 O-O 15. c4 dxc4 16. Bxc4 Na5 17. Nd6 Nxc4 18.
Nxc4 Bc6 19. Qe2 Rab8 20. Qe3 Bd5 21. Rac1 h6 22. b3 Qb7 23. Na5 Qb6 24. Qxc5 Bxf3 25.
gxf3 Nf4 26. Qxb6 axb6 27. Nc6 Ra8 28. Ra1 Kh7 29. a4 Rfc8 30. Nd4 Rc3 31. Re4 g5 32. h4 Rd3 33. Kh2 Rd8 34. Ne2 Nxe2 35. Rxe2 Rxb3 36. hxg5 hxg5 37. Kg3 Rdd3 38. Kg4 Rxf3 39. Kxg5 Rb4 40.
Rh1+ Kg7 41. Rg1 Rf5# 0-1

[Event "*** Titled Tuesday Blitz"]
[Site "Chess.com"]
[Date "2018.06.05"]
[Round "3"]
[White "GMCanty"]
[Black "x-6099009240"]
[Result "1-0"]
[WhiteElo "2207"]
[BlackElo "2052"]
[TimeControl "180+2"]
[EndTime "13:41:21 PDT"]
[Termination "GMCanty won by resignation"]

1. e4 c5 2. c3 d6 3. d4 Nf6 4. Bd3 Nc6 5. Ne2 g6 6. f3 Bg7 7. Be3 O-O 8. Nd2 cxd4 9. cxd4 Qb6 10. Nc4 Qc7 11. Rc1 b5 12. Na3 a6 13. d5 Qa5+ 14. Bd2 Nb4 15. Bb1 Nd7 16. Qb3 Nc5 17. Qxb4 Qxb4 18.
Bxb4 Bxb2 19. Rc2 Nd3+ 20. Kd2 Nxb4 21. Rxb2 a5 22. Nxb5 Ba6 23. Ned4 Rac8 24. a3 Bxb5 25. axb4 Bd7 26. bxa5 Rc7 27. Bd3 Ra8 28. a6 e5 29.
dxe6 fxe6 30. Rhb1 e5 31. Rb8+ Rc8 32. Rxc8+ Bxc8 33. Bc4+ Kg7 34. Nb5 Bxa6 35. Nc7 Rc8 36. Ne6+ Kf6 37. Bxa6 Rc6 38. Bb5 Rc8 39. Bd7 Ra8 40.
g4 Ra7 41. g5+ Ke7 42. Bc8 Ra8 43. Rb7+ Ke8 44. Nc7+ 1-0